 Dungeon Crawl Stone Soup version 0.19.1-1-g22dce08 (webtiles) character file.

30 Aguirre the Skirmisher (level 3, -7/29 HPs)
             Began as a Demonspawn Abyssal Knight on Jan 20, 2017.
             Was a Believer of Lugonu.
             Mangled by a goblin
             ... wielding a +0 dagger
             ... led by Robin
              (8 damage)
             ... on level 2 of the Dungeon.
             The game lasted 00:08:33 (1152 turns).

Aguirre the Skirmisher (Demonspawn Abyssal Knight)  Turns: 1152, Time: 00:08:34

Health: -7/29      AC:  3    Str: 13    XL:     3   Next: 5%
Magic:  4/4        EV: 11    Int: 13    God:    Lugonu [**....]
Gold:   51         SH:  0    Dex: 12    Spells: 0 memorised, 2 levels left

rFire  . . .     SeeInvis .     a - +1 hand axe
rCold  . . .     Gourm    .     b - +0 leather armour
rNeg   . . .     Faith    .     (no shield)
rPois  .         Spirit   .     (no helmet)
rElec  .         Reflect  .     (no cloak)
rCorr  .         Harm     .     (no gloves)
MR     .....                    (no boots)
Stlth  +.........               (no amulet)
                                (no ring)
                                (no ring)

@: no status effects
A: sturdy frame 1
a: Depart the Abyss, Bend Space, Renounce Religion


You were on level 2 of the Dungeon.
You worshipped Lugonu.
Lugonu was pleased with you.
You were not hungry.

You visited 1 branch of the dungeon, and saw 2 of its levels.
You visited the Abyss 1 time.

You collected 51 gold pieces.

Inventory:

Hand Weapons
 a - a +1 hand axe (weapon)
Missiles
 g - 36 arrows
 k - 15 stones (quivered)
Armour
 b - a +0 leather armour (worn)
Scrolls
 d - a scroll of enchant weapon {unknown}
 f - a scroll of remove curse {unknown}
 h - 4 scrolls of teleportation {unknown}
 m - a scroll of random uselessness {unknown}
 p - a scroll of identify {unknown}
Potions
 e - a potion of lignification {unknown}
 i - a potion of brilliance {unknown}
 j - a potion of heal wounds {unknown}
 n - a potion of mutation {unknown}
 o - a potion of cancellation {unknown}
Comestibles
 c - a bread ration


   Skills:
 + Level 3.5 Fighting
 + Level 2.3 Axes
 + Level 1.9 Armour
 + Level 1.1 Dodging
 + Level 2.6 Invocations


You had 2 spell levels left.
You didn't know any spells.

Dungeon Overview and Level Annotations

Branches:
Dungeon (2/15)

Altars:

Annotations:
D:2 Robin


Innate Abilities, Weirdness & Mutations

Your movements are slightly less encumbered by armour. (ER -2)


Message History

The goblin hits you but does no damage. The goblin misses you.
The goblin hits you with a dagger. Robin throws the goblin at you!
The goblin hits you.
You hit the goblin.
You kill the goblin!
Lugonu accepts your kill.
You hit the hobgoblin. You hit the goblin. The hobgoblin barely misses you.
Robin closely misses you. The goblin hits you with a dagger.
The rat bites you but does no damage. The hobgoblin hits you.
The goblin hits you with a dagger.
* * * LOW HITPOINT WARNING * * *
Things that are here:
a goblin corpse x2
The hobgoblin hits you.
* * * LOW HITPOINT WARNING * * *
The goblin unwields an uncursed dagger.
The goblin wields a hunting sling.
The goblin shoots a stone.
The stone barely misses you. Robin throws the goblin at you!
The goblin barely misses you. Robin hits you but does no damage.
The goblin hits you with a dagger!
You die...

# #.# . #. #.# ..
. #.# #.##. #.#
##....###)#######
.........rg.....#
##......g.......#
##+#####.gg....#
##@.....#
##.....# .....#
.....# .....#
.....# .....#
######


You could see Robin, a hobgoblin, 2 goblins and a rat.

Vanquished Creatures
  A dart slug (D:1)
  A bat (D:1)
  A giant cockroach (D:1)
  8 goblins
  6 hobgoblins
  5 kobolds
  2 frilled lizards (D:1)
  3 rats (D:1)
27 creatures vanquished.

Notes
Turn   | Place    | Note
-------+----------+-------------------------------------------
     0 | Abyss:1  | Aguirre the Demonspawn Abyssal Knight began the quest for the Orb.
     0 | Abyss:1  | Reached XP level 1. HP: 18/18 MP: 2/2
    83 | D:1      | Escaped the Abyss
   479 | D:1      | Gained mutation: Your movements are slightly less encumbered by armour. (ER -2) [demonic ancestry]
   479 | D:1      | Reached XP level 2. HP: 19/24 MP: 3/3
   625 | D:1      | Reached skill level 1 in Dodging
  1124 | D:2      | Reached ** piety under Lugonu
  1139 | D:2      | Reached XP level 3. HP: 28/29 MP: 4/4
  1141 | D:2      | Noticed Robin
  1151 | D:2      | HP: 1/29 [hobgoblin[Robin] (6)]
  1152 | D:2      | Mangled by a goblin

Skill      XL: |  1  2 |
---------------+-------+-----
Axes           | 2 |  2.3
Dodging        | 1 |  1.1
Fighting       | |  3.5
Armour         | |  1.9
Invocations    | |  2.6

Action                   || total
-------------------------++-------
Melee: Hand axe          ||    89
Throw: Stone             ||     1
  Eat: Chunk             ||     1
Armor: Leather armour    ||    26
Dodge: Dodged            ||    55
